 Dungeon Crawl Stone Soup version 0.31-a0-152-g6aa68a64a1 (webtiles) character file.

Game seed: 3487244773652728359

1137 qw the Skirmisher (level 8, -2/74 HPs)
             Began as a Naga Hunter on June 9, 2023.
             Slain by a rust devil (9 damage)
             ... on level 5 of the Dungeon.
             The game lasted 00:02:32 (4388 turns).

qw the Skirmisher (Naga Hunter)                     Turns: 4388, Time: 00:02:33

Health: -2/74      AC: -4    Str: 13    XL:     8   Next: 36%
Magic:  8/8        EV: 10    Int: 10    God:
Gold:   244        SH:  0    Dex: 17    Spells: 7/7 levels left

rFire   . . .        Y - +1 shortbow
rCold   + . .        (shield currently unavailable)
rNeg    . . .        r - +0 leather armour {rC+}
rPois   +            (no helmet)
rElec   .            (no cloak)
rCorr   .            j - +0 pair of gloves
SInv    +            (no barding)
Will    +....        (no amulet)
Stlth   ++           (no ring)
HPRegen 0.32/turn    (no ring)
MPRegen 0.11/turn

%: no passive effects
@: short of breath, corroded, very slow
A: AC +2, large, see invisible, deformed body, poison resistance, slowness 2,
spit poison 1, naga tail 1, iridescent scales 1
a: Spit Poison


You were on level 5 of the Dungeon.
You visited 1 branch of the dungeon, and saw 6 of its levels.
You also visited: Sewer.

You collected 244 gold pieces.


Innate Abilities, Weirdness & Mutations

Your serpentine skin is tough. (AC +2)
You have supernaturally acute eyesight. (SInv)
Armour fits poorly on your strangely shaped body.
Your system is resistant to poisons. (rPois)
You cover ground very slowly.
You can spit poison.
You have a snake-like lower body.
You are partially covered in iridescent scales. (AC +2)


   Skills:
 - Level 5.0 Fighting
 + Level 8.5 Ranged Weapons
 - Level 2.0 Dodging
 - Level 1.5 Stealth


You had 7 spell levels left.
You didn't know any spells.
Your spell library was empty.

Inventory:

Hand Weapons
 Y - a +1 shortbow (weapon)
Armour
 j - a +0 pair of gloves (worn)
 r - a +0 leather armour of cold resistance (worn)
Jewellery
 k - a ring of ice
Scrolls
 a - a scroll of identify
 h - 2 scrolls of teleportation
Potions
 b - 2 potions of curing
 d - a potion of heal wounds
 e - a potion of lignification {unknown}
 f - a potion of cancellation {unknown}
 g - a potion of magic {unknown}
 i - 2 potions of mutation
 l - a potion of resistance {unknown}
 m - a potion of brilliance {unknown}
 o - a potion of ambrosia {unknown}
 q - a potion of haste

Dungeon Overview and Level Annotations

Branches:
Dungeon (6/15)              Sewer (visited)
 Temple: D:4-7

Altars:
Hepliaklqana
Kikubaaqudgha
Nemelex Xobeh
Qazlal
Ru
Trog
Vehumet

Shops:
D:2 =   D:5 :


Message History

Press: ? - help, Shift-Dir - straight line, f - orc warrior The splash of poison hits the orc warrior!
The orc warrior is poisoned.
The orc warrior is moderately wounded.
The orc warrior unwields a +0 long sword.
The orc warrior wields a +0 orcbow.
The orc warrior shoots an arrow.
The arrow hits you!
You shoot an arrow. The arrow hits the orc warrior.
The orc warrior is heavily wounded.
The orc warrior shoots an arrow.
The arrow hits you!
You shoot an arrow.
The arrow hits the orc warrior but does no damage.
The orc warrior is heavily wounded.
The orc warrior closely misses you.
You shoot an arrow. The arrow hits the orc warrior.
The orc warrior is severely wounded.
You have got your breath back.
The orc warrior hits you with a +0 long sword!
4385 ||| INVOKING Spit Poison.
Aiming: Spit Poison (1% risk of failure)
Press: ? - help, Shift-Dir - straight line, f/p - orc warrior The splash of poison hits the orc warrior but does no damage.
The orc warrior looks even sicker.
The orc warrior is severely wounded.
The orc warrior misses you.
You shoot an arrow. The arrow hits the orc warrior!
You kill the orc warrior!
The orc warrior unwields a +0 orcbow.
The orc warrior wields a +0 long sword.
The orc warrior closely misses you.
You shoot an arrow. The arrow hits the rust devil.
The rust devil is lightly wounded.
The orc warrior hits you with a +0 long sword!
The rust devil hits you. The rust devil corrodes you! The rust devil hits you.
The rust devil corrodes you!
You shoot an arrow.
The arrow hits the rust devil but does no damage.
The rust devil is lightly wounded.
The orc warrior hits you with a +0 long sword!
The rust devil hits you. The rust devil corrodes you! The rust devil hits you!
You die...

###.###.........................#
.....#....##.........##..........
#....##..........##.###.........#
###...(....###...##.# #.......#.#
.##......### ###....# #..........
..##%...##)#+#)##.#.# #.......#).
........#7.....7#..## #........#.
.......##......o##.# #.......###
.......# ...8..4@#.# ##.......##.
.......##......4##.###.......###.
........#7.....7#............###.
........##)#+#)##.#.###..........
.###.....### ###..#.####..###.##.
.###.......###...#..#.....# ####.
.#...#..##......##.......## ##.
.....#..###.............#######..
.................................


You could see 2 rust devils and an orc warrior.

Vanquished Creatures
  A water moccasin (D:5)
  An orc warrior (D:5)
  2 ice beasts (D:5)
  A kobold brigand (Sewer)
  A howler monkey (D:4)
  2 jellies
  A hound (D:5)
  Jessica (D:3)
  An iguana (D:4)
  A sleepcap (D:6)
  Ijyb (D:2)
  8 gnolls
  21 adders
  5 river rats
  A white imp (D:5)
  An ufetubus (D:5)
  4 dart slugs
  5 worms
  7 orcs
  14 ball pythons
  8 bats
  9 endoplasms
  5 giant cockroaches
  A goblin (D:1)
  7 hobgoblins
  9 jackals
  11 kobolds
  3 quokkas
  5 frilled lizards
  7 rats
144 creatures vanquished.

Notes
Turn   | Place    | Note
-------+----------+-------------------------------------------
     0 | D:1      | qw the Naga Hunter began the quest for the Orb.
     0 | D:1      | Reached XP level 1. HP: 19/19 MP: 1/1
     0 | D:1      | 0 ||| qw: Version: 0.2-a-122-gbc61b45
     0 | D:1      | 0 ||| qw: Game counter: 3280
     0 | D:1      | 0 ||| qw: Always use a shield: true
     0 | D:1      | 0 ||| qw: God list: Okawaru
     0 | D:1      | 0 ||| qw: Allow faded altars: false
     0 | D:1      | 0 ||| qw: Do Orc after D:15 true
     0 | D:1      | 0 ||| qw: Do second Lair branch before Depths: true
     0 | D:1      | 0 ||| qw: Lair rune preference: random
     0 | D:1      | 0 ||| qw: Plans: Normal
     0 | D:1      | 0 ||| PLANNING D:1-11
    43 | D:1      | 43 ||| INVOKING Spit Poison.
    94 | D:1      | Reached skill level 4 in Ranged Weapons
    94 | D:1      | Reached XP level 2. HP: 26/26 MP: 2/2
   111 | D:1      | 111 ||| INVOKING Spit Poison.
   132 | D:1      | 132 ||| INVOKING Spit Poison.
   135 | D:1      | 135 ||| INVOKING Spit Poison.
   182 | D:1      | 182 ||| INVOKING Spit Poison.
   220 | D:1      | 220 ||| INVOKING Spit Poison.
   226 | D:1      | 226 ||| INVOKING Spit Poison.
   302 | D:1      | 302 ||| INVOKING Spit Poison.
   305 | D:1      | 305 ||| INVOKING Spit Poison.
   316 | D:1      | 316 ||| INVOKING Spit Poison.
   376 | D:1      | 376 ||| INVOKING Spit Poison.
   382 | D:1      | 382 ||| INVOKING Spit Poison.
   388 | D:1      | Reached XP level 3. HP: 17/32 MP: 3/3
   451 | D:1      | 451 ||| UPGRADING to +0 pair of gloves.
   456 | D:1      | 456 ||| READING scroll labelled FYOHOA PIDELUIMO.
   457 | D:1      | 457 ||| READING scroll labelled NOTWOR CILOMP.
   458 | D:1      | 458 ||| READING scroll labelled XUUZIOTRURGH.
   459 | D:1      | 459 ||| READING scroll labelled BOEWUARADA.
   462 | D:1      | 462 ||| DROPPING scroll of butterflies.
   478 | D:2      | 478 ||| INVOKING Spit Poison.
   501 | D:2      | Found a hazy altar of Hepliaklqana.
   515 | D:2      | 515 ||| Stepping ~*~*~tactically~*~*~ (outnumbered).
   516 | D:2      | 516 ||| INVOKING Spit Poison.
   527 | D:2      | 527 ||| INVOKING Spit Poison.
   576 | D:2      | 576 ||| INVOKING Spit Poison.
   588 | D:2      | 588 ||| INVOKING Spit Poison.
   589 | D:2      | 589 ||| INVOKING Spit Poison.
   595 | D:2      | 595 ||| INVOKING Spit Poison.
   603 | D:2      | 603 ||| INVOKING Spit Poison.
   624 | D:2      | 624 ||| INVOKING Spit Poison.
   627 | D:2      | 627 ||| INVOKING Spit Poison.
   683 | D:2      | Found Bukoky's Jewellery Emporium.
   688 | D:2      | 688 ||| SHOPLISTING +4 ring of slaying (936 gold, have 14).
   688 | D:2      | 688 ||| SHOPLISTING +6 ring of dexterity (432 gold, have
                  | 14).
   688 | D:2      | 688 ||| SHOPLISTING +6 ring of strength (432 gold, have
                  | 14).
   688 | D:2      | 688 ||| SHOPLISTING amulet of faith (480 gold, have 14).
   688 | D:2      | 688 ||| SHOPLISTING ring of protection from cold (300 gold,
                  | have 14).
   688 | D:2      | 688 ||| SHOPLISTING ring of resist corrosion (240 gold,
                  | have 14).
   690 | D:2      | 690 ||| INVOKING Spit Poison.
   699 | D:2      | Identified the +6 hand axe "Vimuofol" {heavy, rCorr Stlth+}
   808 | D:2      | 808 ||| INVOKING Spit Poison.
   842 | D:2      | 842 ||| INVOKING Spit Poison.
   876 | D:2      | 876 ||| INVOKING Spit Poison.
   905 | D:2      | Found a faded altar of an unknown god.
   968 | D:2      | 968 ||| INVOKING Spit Poison.
  1052 | D:2      | 1052 ||| READING 2 scrolls labelled NUZIAPR EQETE.
  1053 | D:2      | 1053 ||| READING scroll labelled FOVVOU GEQUG.
  1060 | D:3      | Noticed Ijyb
  1060 | D:3      | Noticed Jessica
  1061 | D:3      | 1061 ||| INVOKING Spit Poison.
  1062 | D:3      | Killed Jessica
  1063 | D:3      | Reached skill level 5 in Ranged Weapons
  1063 | D:3      | Reached XP level 4. HP: 39/39 MP: 4/4
  1064 | D:3      | 1064 ||| STAIRDANCE
  1082 | D:3      | 1082 ||| INVOKING Spit Poison.
  1085 | D:3      | 1085 ||| INVOKING Spit Poison.
  1088 | D:3      | 1088 ||| STAIRDANCE
  1090 | D:2      | 1090 ||| INVOKING Spit Poison.
  1092 | D:2      | Killed Ijyb
  1145 | D:3      | 1145 ||| INVOKING Spit Poison.
  1156 | D:3      | 1156 ||| INVOKING Spit Poison.
  1159 | D:3      | 1159 ||| INVOKING Spit Poison.
  1166 | D:3      | 1166 ||| INVOKING Spit Poison.
  1172 | D:3      | 1172 ||| INVOKING Spit Poison.
  1173 | D:3      | Reached XP level 5. HP: 48/48 MP: 5/5
  1207 | D:3      | 1207 ||| INVOKING Spit Poison.
  1213 | D:3      | 1213 ||| INVOKING Spit Poison.
  1216 | D:3      | Reached skill level 3 in Fighting
  1254 | D:3      | 1254 ||| INVOKING Spit Poison.
  1272 | D:3      | 1272 ||| INVOKING Spit Poison.
  1277 | D:3      | 1277 ||| INVOKING Spit Poison.
  1280 | D:3      | 1280 ||| INVOKING Spit Poison.
  1312 | D:3      | 1312 ||| INVOKING Spit Poison.
  1318 | D:3      | 1318 ||| INVOKING Spit Poison.
  1325 | D:3      | 1325 ||| INVOKING Spit Poison.
  1330 | D:3      | 1330 ||| INVOKING Spit Poison.
  1362 | D:3      | 1362 ||| INVOKING Spit Poison.
  1488 | D:3      | 1488 ||| INVOKING Spit Poison.
  1500 | D:3      | 1500 ||| INVOKING Spit Poison.
  1501 | D:3      | 1501 ||| Stepping ~*~*~tactically~*~*~ (outnumbered).
  1502 | D:3      | 1502 ||| Stepping ~*~*~tactically~*~*~ (outnumbered).
  1504 | D:3      | 1504 ||| Stepping ~*~*~tactically~*~*~ (outnumbered).
  1505 | D:3      | 1505 ||| INVOKING Spit Poison.
  1509 | D:3      | 1509 ||| DRINKING 2 blue potions.
  1517 | D:3      | 1517 ||| FLEEEEING.
  1518 | D:3      | 1518 ||| FLEEEEING.
  1519 | D:3      | 1519 ||| INVOKING Spit Poison.
  1523 | D:3      | 1523 ||| INVOKING Spit Poison.
  1529 | D:3      | 1529 ||| INVOKING Spit Poison.
  1732 | D:3      | 1732 ||| INVOKING Spit Poison.
  1736 | D:3      | 1736 ||| INVOKING Spit Poison.
  1820 | D:3      | 1820 ||| INVOKING Spit Poison.
  1825 | D:3      | 1825 ||| INVOKING Spit Poison.
  1831 | D:3      | 1831 ||| INVOKING Spit Poison.
  1835 | D:3      | 1835 ||| INVOKING Spit Poison.
  1836 | D:3      | Reached skill level 6 in Ranged Weapons
  1836 | D:3      | Reached XP level 6. HP: 53/56 MP: 6/6
  1972 | D:3      | 1972 ||| INVOKING Spit Poison.
  2065 | D:3      | 2065 ||| DRINKING 2 golden potions.
  2065 | D:3      | Gained mutation: You are partially covered in iridescent
                  | scales. (AC +2) [potion of mutation]
  2066 | D:3      | 2066 ||| READING 2 scrolls of identify.
  2066 | D:3      | 2066 ||| IDENTIFYING smoky inky potion
  2092 | D:4      | 2092 ||| PLANNING SEWER
  2130 | D:4      | 2130 ||| INVOKING Spit Poison.
  2137 | D:4      | 2137 ||| INVOKING Spit Poison.
  2141 | D:4      | 2141 ||| INVOKING Spit Poison.
  2205 | D:4      | 2205 ||| INVOKING Spit Poison.
  2224 | D:4      | 2224 ||| INVOKING Spit Poison.
  2237 | D:4      | 2237 ||| INVOKING Spit Poison.
  2272 | D:4      | 2272 ||| INVOKING Spit Poison.
  2278 | D:4      | 2278 ||| INVOKING Spit Poison.
  2279 | D:4      | 2279 ||| INVOKING Spit Poison.
  2307 | D:4      | 2307 ||| INVOKING Spit Poison.
  2312 | D:4      | 2312 ||| INVOKING Spit Poison.
  2393 | D:4      | 2393 ||| INVOKING Spit Poison.
  2422 | D:4      | 2422 ||| INVOKING Spit Poison.
  2453 | D:4      | 2453 ||| INVOKING Spit Poison.
  2487 | D:4      | 2487 ||| INVOKING Spit Poison.
  2499 | D:4      | 2499 ||| INVOKING Spit Poison.
  2500 | D:4      | 2500 ||| INVOKING Spit Poison.
  2507 | D:4      | 2507 ||| INVOKING Spit Poison.
  2510 | D:4      | 2510 ||| INVOKING Spit Poison.
  2517 | D:4      | 2517 ||| INVOKING Spit Poison.
  2528 | D:4      | Found a glowing drain.
  2534 | Sewer    | Entered a sewer
  2539 | Sewer    | 2539 ||| INVOKING Spit Poison.
  2548 | Sewer    | 2548 ||| INVOKING Spit Poison.
  2554 | Sewer    | 2554 ||| INVOKING Spit Poison.
  2569 | Sewer    | 2569 ||| INVOKING Spit Poison.
  2585 | Sewer    | Reached XP level 7. HP: 64/64 MP: 7/7
  2593 | Sewer    | 2593 ||| INVOKING Spit Poison.
  2598 | Sewer    | 2598 ||| INVOKING Spit Poison.
  2601 | Sewer    | 2601 ||| INVOKING Spit Poison.
  2606 | Sewer    | 2606 ||| INVOKING Spit Poison.
  2611 | Sewer    | 2611 ||| INVOKING Spit Poison.
  2635 | Sewer    | 2635 ||| INVOKING Spit Poison.
  2645 | Sewer    | 2645 ||| INVOKING Spit Poison.
  2649 | Sewer    | 2649 ||| INVOKING Spit Poison.
  2706 | Sewer    | 2706 ||| INVOKING Spit Poison.
  2712 | Sewer    | 2712 ||| INVOKING Spit Poison.
  2716 | Sewer    | Reached skill level 7 in Ranged Weapons
  2719 | Sewer    | 2719 ||| INVOKING Spit Poison.
  2723 | Sewer    | 2723 ||| INVOKING Spit Poison.
  2774 | Sewer    | 2774 ||| INVOKING Spit Poison.
  2783 | Sewer    | 2783 ||| INVOKING Spit Poison.
  2796 | Sewer    | 2796 ||| INVOKING Spit Poison.
  2799 | Sewer    | 2799 ||| INVOKING Spit Poison.
  2806 | Sewer    | 2806 ||| INVOKING Spit Poison.
  2814 | Sewer    | 2814 ||| INVOKING Spit Poison.
  2857 | Sewer    | 2857 ||| INVOKING Spit Poison.
  3151 | Sewer    | 3151 ||| READING scroll labelled JYAJAI AK WEN.
  3157 | D:4      | 3157 ||| PLANNING D:1-11
  3362 | D:5      | Entered Level 5 of the Dungeon
  3403 | D:5      | 3403 ||| INVOKING Spit Poison.
  3414 | D:5      | Found Tuqocuism's Book Shop.
  3436 | D:5      | Found a radiant altar of Vehumet.
  3450 | D:5      | Found a sparkling altar of Nemelex Xobeh.
  3452 | D:5      | Found a hazy altar of Hepliaklqana.
  3452 | D:5      | Found a bloodstained altar of Trog.
  3454 | D:5      | Found an ancient bone altar of Kikubaaqudgha.
  3456 | D:5      | Found a stormy altar of Qazlal.
  3458 | D:5      | Found a sacrificial altar of Ru.
  3492 | D:5      | 3492 ||| INVOKING Spit Poison.
  3504 | D:5      | 3504 ||| INVOKING Spit Poison.
  3510 | D:5      | 3510 ||| INVOKING Spit Poison.
  3572 | D:5      | Reached skill level 8 in Ranged Weapons
  3572 | D:5      | Reached XP level 8. HP: 27/72 MP: 8/8
  3730 | D:5      | 3730 ||| INVOKING Spit Poison.
  3733 | D:5      | 3733 ||| INVOKING Spit Poison.
  3945 | D:5      | 3945 ||| INVOKING Spit Poison.
  4028 | D:5      | 4028 ||| UPGRADING to +0 leather armour of cold resistance.
  4038 | D:5      | 4038 ||| DROPPING +0 leather armour.
  4039 | D:5      | 4039 ||| READING scroll labelled ZUFIXKARCHE.
  4040 | D:5      | 4040 ||| READING scroll labelled WAEXYTTIDENG.
  4141 | D:5      | 4141 ||| DRINKING 2 viscous pink potions.
  4155 | D:6      | 4155 ||| INVOKING Spit Poison.
  4164 | D:6      | 4164 ||| INVOKING Spit Poison.
  4169 | D:6      | 4169 ||| STAIRDANCE
  4172 | D:5      | 4172 ||| INVOKING Spit Poison.
  4177 | D:5      | 4177 ||| INVOKING Spit Poison.
  4287 | D:6      | 4287 ||| INVOKING Spit Poison.
  4332 | D:6      | 4332 ||| INVOKING Spit Poison.
  4357 | D:6      | 4357 ||| INVOKING Spit Poison.
  4379 | D:6      | 4379 ||| STAIRDANCE
  4380 | D:5      | Noticed a rust devil
  4380 | D:5      | Noticed a rust devil
  4381 | D:5      | 4381 ||| INVOKING Spit Poison.
  4385 | D:5      | 4385 ||| INVOKING Spit Poison.
  4388 | D:5      | HP: 12/74 [orc warrior/+0 long sword (16)]
  4388 | D:5      | Slain by a rust devil

Levels and vault maps discovered:
D:1:      dpeg_arrival_ternary, layout_rooms
D:2:      layout_loops_cross, serial_shops, shop, basic_altar,
          ebering_ecumenical_altar_mist, grunt_decor_junction
D:3:      cheibrodos_old_hovel, layout_basic, st_stairs_5, kennysheep_doodads,
          minmay_cut_off, uniq_ijyb, uniq_jessica
D:4:      layout_loops_ring, gup_sewer_entry_bubbles,
          eino_small_chamber_without_monster, minmay_misc_feat_secret_circle
D:5:      cheibrodos_iron_armory, layout_cave_pools, minitemple, serial_shops,
          nicolae_book_shop_shelving
D:6:      layout_loops_ring, grunt_temple_overflow_order_and_chaos_1,
          minmay_temple_entry_fiery, uniq_duvessa

Skill      XL: |  1  2  3  4  5  6  7  8 |
---------------+-------------------------+-----
Ranged Weapons | 4 5 6 8 |  8.5
Fighting       | 3 4 5 |  5.0
Dodging        | 2 |  2.0
Stealth        | |  1.5

Action                     |  1- 3 |  4- 6 |  7- 9 || total
---------------------------+-------+-------+-------++-------
   Fire: Shortbow          |    90 |   141 |   185 ||   416
Ability: Spit Poison       |    27 |    54 |    35 ||   116
    Use: Scroll            |     6 |     1 |     3 ||    10
         Potion            |       |     2 |     1 ||     3
 Armour: Leather armour    |    17 |    29 |    48 ||    94
  Dodge: Dodged            |    29 |    35 |    60 ||   124

Table legend:
 A = Non-vault XP
 B = Vault XP
 C = Vault XP percentage of total XP
 D = Non-vault monster count
 E = Vault monster count
 F = Vault count percentage of total count
                 A         B        C        D         E       F
            +---------+---------+-------+---------+---------+-------
      Total |    1092 |     533 |  32.8 |     102 |      42 |  29.2
            +---------+---------+-------+---------+---------+-------
        D:1 |      34 |       0 |   0.0 |      17 |       0 |   0.0
        D:2 |      44 |      33 |  42.9 |      20 |       1 |   4.8
        D:3 |     137 |      80 |  36.9 |      27 |       9 |  25.0
        D:4 |     211 |      46 |  17.9 |      16 |       5 |  23.8
        D:5 |     575 |     129 |  18.3 |      17 |       1 |   5.6
        D:6 |      91 |       0 |   0.0 |       5 |       0 |   0.0
      Sewer |       0 |     245 | 100.0 |       0 |      26 | 100.0
            +---------+---------+-------+---------+---------+-------
